SAAA
JERSEY CITY SUN CAPS @ ELLENBURG FIGHTING DACHSUNDS
05/02/2026
 
TOP OF THE 1ST
Jersey City Sun Caps batting - Pitching for Ellenburg Fighting Dachsunds : RHP Severiano Duclos
Pitching: RHP Severiano Duclos
Batting: LHB Gerald Kaufman 0-0: Foul Ball, location: 2F
0-1: Called Strike
0-2: Fly out, F7 (Flyball, 78S)
Batting: RHB Brandon Reed 0-0: Called Strike
0-1: Swinging Strike
0-2: Fly out, F7 (Flyball, 7LMF)
Batting: RHB Ed Adams 0-0: Ball
1-0: Ball
2-0: Ball
3-0: Called Strike
3-1: SINGLE (Groundball, 6MD)
Batting: RHB Alfredo Pizarro 0-0: Ball
1-0: Foul Ball, location: 2F
1-1: Ball
2-1: Called Strike
2-2: Ball
3-2: Base on Balls
Ed Adams to second
Batting: LHB Wayne Akers 0-0: Ball
1-0: Foul Ball, location: 2F
1-1: DOUBLE (Line Drive, 78M)
Ed Adams scores
Alfredo Pizarro to third
Runner from 3rd tries for Home, throw and OUT!
Top of the 1st over - 1 run(s), 2 hit(s), 0 error(s), 1 left on base; Jersey City 1 - Ellenburg 0
BOTTOM OF THE 1ST
Ellenburg Fighting Dachsunds batting - Pitching for Jersey City Sun Caps : LHP Francisco Chávez
Pitching: LHP Francisco Chávez
Batting: SHB Dylan Carson 0-0: Called Strike
0-1: Foul Ball, location: 2F
0-2: Ball
1-2: Foul Ball, location: 2F
1-2: Fly out, F8 (Line Drive, 8LM)
Batting: RHB Bob Campbell 0-0: Ball
1-0: Ball
2-0: Ball
3-0: Called Strike
3-1: Called Strike
3-2: Base on Balls
Batting: RHB Juan Ramos 0-0: Ball
1-0: Foul Ball, location: 2F
1-1: Swinging Strike
1-2: Foul Ball, location: 2F
1-2: Ball
Wild Pitch!
Bob Campbell to second
2-2: Ball
3-2: Foul Ball, location: 2F
3-2: Fly out, F5 (Line Drive, 56)
Batting: RHB Pedro Pérez 0-0: Called Strike
0-1: Ball
1-1: SINGLE (Groundball, 6MD)
Bob Campbell to third
Runner from 3rd tries for Home, SAFE, no throw
Batting: RHB Ramiro Rico 0-0: Ball
1-0: Ball
2-0: Ball
Pedro Pérez is caught stealing 2nd base
Bottom of the 1st over - 1 run(s), 1 hit(s), 0 error(s), 0 left on base; Jersey City 1 - Ellenburg 1
TOP OF THE 2ND
Jersey City Sun Caps batting - Pitching for Ellenburg Fighting Dachsunds : RHP Severiano Duclos
Batting: RHB Mike Greene 0-0: Ball
1-0: Swinging Strike
1-1: Reached on error, E5 (Groundball, 5S)
Batting: SHB Gustavo Fuentes 0-0: Swinging Strike
0-1: Called Strike
0-2: Strikes out swinging
Batting: RHB Roy Williams 0-0: Fly out, F8 (Flyball, 8RM)
Batting: SHB Dominique Prost 0-0: Ball
1-0: Ball
2-0: Called Strike
2-1: Ball
3-1: SINGLE (Flyball, 6MD)
Mike Greene to third
Runner from 3rd tries for Home, SAFE, throw made home
Batting: LHB Gerald Kaufman 0-0: Ball
1-0: Ground out 5-3 (Groundball, 56S)
Top of the 2nd over - 1 run(s), 1 hit(s), 1 error(s), 1 left on base; Jersey City 2 - Ellenburg 1
BOTTOM OF THE 2ND
Ellenburg Fighting Dachsunds batting - Pitching for Jersey City Sun Caps : LHP Francisco Chávez
Batting: RHB Ramiro Rico 0-0: Ground out 6-3 (Groundball, 6)
Batting: RHB José Vázquez 0-0: Called Strike
0-1: Foul Ball, location: 2F
0-2: Ground out 3-1 (Groundball, 34S)
Batting: RHB Jack Burton 0-0: Called Strike
0-1: Ball
1-1: Called Strike
1-2: Ball
2-2: Foul Ball, location: 2F
2-2: Ground out 5-3 (Groundball, 56)
Bottom of the 2nd over - 0 run(s), 0 hit(s), 0 error(s), 0 left on base; Jersey City 2 - Ellenburg 1
TOP OF THE 3RD
Jersey City Sun Caps batting - Pitching for Ellenburg Fighting Dachsunds : RHP Severiano Duclos
Batting: RHB Brandon Reed 0-0: Called Strike
0-1: Ball
1-1: Swinging Strike
1-2: Ball
2-2: Ball
3-2: Strikes out swinging, 2-3 out at first.
Batting: RHB Ed Adams 0-0: Ball
1-0: Ground out 4-3 (Groundball, 4)
Batting: RHB Alfredo Pizarro 0-0: Called Strike
0-1: Ground out 6-3 (Groundball, 6)
Top of the 3rd over - 0 run(s), 0 hit(s), 0 error(s), 0 left on base; Jersey City 2 - Ellenburg 1
BOTTOM OF THE 3RD
Ellenburg Fighting Dachsunds batting - Pitching for Jersey City Sun Caps : LHP Francisco Chávez
Batting: RHB Francis Kelly 0-0: SINGLE (Groundball, 56) (infield hit)
Batting: RHB Marty Jennings 0-0: Ball
1-0: Fly out, F6 (Line Drive, 6)
Batting: SHB Dylan Carson 0-0: Ball
1-0: Called Strike
1-1: Called Strike
1-2: Fly out, F8 (Flyball, 8LD)
Batting: RHB Bob Campbell 0-0: Swinging Strike
0-1: Called Strike
0-2: Strikes out swinging
Bottom of the 3rd over - 0 run(s), 1 hit(s), 0 error(s), 1 left on base; Jersey City 2 - Ellenburg 1
TOP OF THE 4TH
Jersey City Sun Caps batting - Pitching for Ellenburg Fighting Dachsunds : RHP Severiano Duclos
Batting: LHB Wayne Akers 0-0: Ball
1-0: Foul Ball, location: 2F
1-1: Fly out, F7 (Flyball, 7S)
Batting: RHB Mike Greene 0-0: DOUBLE (Groundball, 5L)
Batting: SHB Gustavo Fuentes 0-0: Ball
1-0: Fly out, F1 (Line Drive, 13)
Batting: RHB Roy Williams 0-0: Called Strike
0-1: Ball
1-1: Foul Ball, location: 2F
1-2: Foul Ball, location: 2F
1-2: Ball
2-2: Ball
3-2: DOUBLE (Line Drive, 9LM)
Mike Greene scores
Batting: SHB Dominique Prost 0-0: Fly out, F2 (Popup, 3S)
Top of the 4th over - 1 run(s), 2 hit(s), 0 error(s), 1 left on base; Jersey City 3 - Ellenburg 1
BOTTOM OF THE 4TH
Ellenburg Fighting Dachsunds batting - Pitching for Jersey City Sun Caps : LHP Francisco Chávez
Batting: RHB Juan Ramos 0-0: Ball
1-0: Ball
2-0: Ball
3-0: Base on Balls
Batting: RHB Pedro Pérez 0-0: Called Strike
0-1: Foul Ball, location: 2F
0-2: Ball
1-2: Grounds into double play, 4-6-3 (Groundball, 4M)
Batting: RHB Ramiro Rico 0-0: Ball
1-0: Foul Ball, location: 2F
1-1: Ball
2-1: Swinging Strike
2-2: Ground out 5-3 (Groundball, 56S)
Bottom of the 4th over - 0 run(s), 0 hit(s), 0 error(s), 0 left on base; Jersey City 3 - Ellenburg 1
TOP OF THE 5TH
Jersey City Sun Caps batting - Pitching for Ellenburg Fighting Dachsunds : RHP Severiano Duclos
Batting: LHB Gerald Kaufman 0-0: Bunted foul
0-1: Fly out, F8 (Flyball, 8LM)
Batting: RHB Brandon Reed 0-0: Called Strike
0-1: Ball
1-1: Swinging Strike
1-2: Strikes out swinging
Batting: RHB Ed Adams 0-0: Foul Ball, location: 2F
0-1: Called Strike
0-2: Fly out, F7 (Flyball, 7)
Top of the 5th over - 0 run(s), 0 hit(s), 0 error(s), 0 left on base; Jersey City 3 - Ellenburg 1
BOTTOM OF THE 5TH
Ellenburg Fighting Dachsunds batting - Pitching for Jersey City Sun Caps : LHP Francisco Chávez
Batting: RHB José Vázquez 0-0: Ball
1-0: Foul Ball, location: 2F
1-1: Swinging Strike
1-2: Ball
2-2: Ground out 5-3 (Groundball, 56S)
Batting: RHB Jack Burton 0-0: Foul Ball, location: 2F
0-1: Ball
1-1: Called Strike
1-2: Ground out 5-3 (Groundball, 56S)
Batting: RHB Francis Kelly 0-0: Foul Ball, location: 2F
0-1: Fly out, F9 (Flyball, 9LMF)
Bottom of the 5th over - 0 run(s), 0 hit(s), 0 error(s), 0 left on base; Jersey City 3 - Ellenburg 1
TOP OF THE 6TH
Jersey City Sun Caps batting - Pitching for Ellenburg Fighting Dachsunds : RHP Severiano Duclos
Batting: RHB Alfredo Pizarro 0-0: Ball
1-0: Ball
2-0: Called Strike
2-1: Ball
3-1: Foul Ball, location: 2F
3-2: Base on Balls
Batting: LHB Wayne Akers 0-0: Ball
1-0: Ball
2-0: Called Strike
2-1: Ball
3-1: Swinging Strike
3-2: Fly out, F3 (Line Drive, 3S)
Lined into DP, U3 (Line Drive, 3S)
Batting: RHB Mike Greene 0-0: Ball
1-0: Ball
2-0: Called Strike
2-1: Foul Ball, location: 2F
2-2: Ball
3-2: Base on Balls
Batting: SHB Gustavo Fuentes 0-0: Ball
1-0: Ball
2-0: Fly out, F8 (Flyball, 8LD)
Top of the 6th over - 0 run(s), 0 hit(s), 0 error(s), 1 left on base; Jersey City 3 - Ellenburg 1
BOTTOM OF THE 6TH
Ellenburg Fighting Dachsunds batting - Pitching for Jersey City Sun Caps : LHP Francisco Chávez
Batting: RHB Marty Jennings 0-0: Ball
1-0: Ball
2-0: Swinging Strike
2-1: Swinging Strike
2-2: Foul Ball, location: 2F
2-2: Ball
3-2: SINGLE (Groundball, 6D)
Batting: SHB Dylan Carson 0-0: Ball
1-0: Foul Ball, location: 2F
1-1: Foul Ball, location: 2F
1-2: Foul Ball, location: 2F
1-2: Fly out, F7 (Line Drive, 7D)
Runner from 1st tags up, SAFE at 2nd
Batting: RHB Bob Campbell 0-0: Ball
1-0: Called Strike
1-1: Ball
2-1: Fly out, F9 (Flyball, 9)
Batting: RHB Juan Ramos 0-0: Ball
1-0: Ball
2-0: Foul Ball, location: 2F
2-1: Ball
3-1: Fly out, F5 (Line Drive, 5)
Bottom of the 6th over - 0 run(s), 1 hit(s), 0 error(s), 1 left on base; Jersey City 3 - Ellenburg 1
TOP OF THE 7TH
Jersey City Sun Caps batting - Pitching for Ellenburg Fighting Dachsunds : RHP Severiano Duclos
Batting: RHB Roy Williams 0-0: Ball
1-0: Ball
2-0: Ball
3-0: Base on Balls
Batting: SHB Dominique Prost 0-0: Foul Ball, location: 2F
0-1: Sac Bunt - play at first, batter OUT! 2-3
Roy Williams to second
Batting: LHB Gerald Kaufman 0-0: Ball
1-0: Ball
2-0: Swinging Strike
2-1: Swinging Strike
2-2: Ball
3-2: Fly out, F7 (Flyball, 78M)
Batting: RHB Brandon Reed 0-0: Ball
1-0: Fly out, F8 (Flyball, 8LD)
Top of the 7th over - 0 run(s), 0 hit(s), 0 error(s), 1 left on base; Jersey City 3 - Ellenburg 1
BOTTOM OF THE 7TH
Ellenburg Fighting Dachsunds batting - Pitching for Jersey City Sun Caps : LHP Francisco Chávez
Batting: RHB Pedro Pérez 0-0: SINGLE (Groundball, 56) (infield hit)
Batting: RHB Ramiro Rico 0-0: Ball
1-0: Ball
2-0: Foul Ball, location: 2F
2-1: Ball
3-1: Base on Balls
Pedro Pérez to second
Pitching: RHP Ben Logan
Batting: RHB José Vázquez Balk!
Pedro Pérez to third
Ramiro Rico to second
0-0: Foul Ball, location: 2F
0-1: Foul Ball, location: 2F
0-2: Ball
1-2: Strikes out looking
Pinch Hitting: LHB José Ortega 0-0: Called Strike
0-1: Fly out, F8 (Line Drive, 8LM)
Runner from 3rd tags up, SCORES, no throw
Batting: RHB Francis Kelly 0-0: Called Strike
0-1: Called Strike
0-2: Ball
1-2: Strikes out swinging
Bottom of the 7th over - 1 run(s), 1 hit(s), 0 error(s), 1 left on base; Jersey City 3 - Ellenburg 2
TOP OF THE 8TH
Jersey City Sun Caps batting - Pitching for Ellenburg Fighting Dachsunds : RHP Severiano Duclos
Now in RF: José Ortega
Batting: RHB Ed Adams 0-0: Called Strike
0-1: Ball
1-1: Ball
2-1: Ground out 1-3 (Groundball, 15)
Batting: RHB Alfredo Pizarro 0-0: Ball
1-0: Ball
2-0: Foul Ball, location: 2F
2-1: Ground out 5-3 (Groundball, 56S)
Batting: LHB Wayne Akers 0-0: Ground out 3-1 (Groundball, 34)
Top of the 8th over - 0 run(s), 0 hit(s), 0 error(s), 0 left on base; Jersey City 3 - Ellenburg 2
BOTTOM OF THE 8TH
Ellenburg Fighting Dachsunds batting - Pitching for Jersey City Sun Caps : RHP Ben Logan
Now at 2B: Jonah Moody
Batting: RHB Marty Jennings 0-0: SINGLE (Flyball, 9LM)
Pitching: LHP Carlos Medina
Pinch Hitting: RHB Meka Knight 0-0: Bunted foul
0-1: Sac Bunt - play at first, batter OUT! 1-4
Marty Jennings to second
Pitching: RHP Godfrey Verbiest
Batting: RHB Bob Campbell 0-0: Called Strike
0-1: Ground out 3-1 (Groundball, 34)
Marty Jennings to third
Batting: RHB Juan Ramos 0-0: SINGLE (Groundball, 6MD)
Marty Jennings scores
Batting: RHB Pedro Pérez 0-0: Ball
Juan Ramos steals 2nd base
1-0: Reached on error, E8 (Flyball, 8LM)
Juan Ramos scores
Batting: RHB Ramiro Rico 0-0: Ball
1-0: Ball
2-0: Called Strike
2-1: SINGLE (Groundball, 6D)
Pedro Pérez to third
Runner from 3rd tries for Home, SAFE, no throw
Batting: RHB José Vázquez 0-0: Ball
1-0: SINGLE (Line Drive, 9S)
Ramiro Rico to second
Runner from 2nd tries for 3rd, SAFE, throw made to third
Batting: LHB José Ortega 0-0: Ball
1-0: Called Strike
1-1: Ball
2-1: Foul Ball, location: 2F
2-2: Ball
3-2: Fly out, F7 (Flyball, 7LS)
Bottom of the 8th over - 3 run(s), 4 hit(s), 1 error(s), 2 left on base; Jersey City 3 - Ellenburg 5
TOP OF THE 9TH
Jersey City Sun Caps batting - Pitching for Ellenburg Fighting Dachsunds : RHP Severiano Duclos
Pitching: RHP Sean Evans
Now at 1B: Ismael Cabrera
Now at 2B: Michael Taylor
Now in CF: William Walls
Batting: RHB Mike Greene 0-0: Swinging Strike
0-1: Fly out, F8 (Flyball, 89M)
Batting: SHB Gustavo Fuentes 0-0: Ball
1-0: Called Strike
1-1: SINGLE (Groundball, 34D)
Pinch Hitting: LHB Arturo Ballina 0-0: Called Strike
0-1: Ball
1-1: Ball
2-1: DOUBLE (Line Drive, 9LM)
Gustavo Fuentes to third
Batting: SHB Dominique Prost 0-0: DOUBLE (Groundball, 3L)
Gustavo Fuentes scores
Arturo Ballina scores
Pitching: RHP Jim Unknown
Batting: LHB Gerald Kaufman 0-0: Swinging Strike
0-1: Ball
1-1: Ground out U3 (Groundball, 3L)
Dominique Prost to third
Batting: RHB Brandon Reed 0-0: Intentional Walk
Pinch Hitting: RHB Salvador Pineda 0-0: Fielders Choice at 2nd, 6-4 (Groundball, 56)
Top of the 9th over - 2 run(s), 3 hit(s), 0 error(s), 1 left on base; Jersey City 5 - Ellenburg 5
BOTTOM OF THE 9TH
Ellenburg Fighting Dachsunds batting - Pitching for Jersey City Sun Caps : RHP Godfrey Verbiest
Now at 2B: Mike Peterson
Now at 3B: Bryan Wilson
Batting: RHB Francis Kelly 0-0: Ball
1-0: Called Strike
1-1: Ball
2-1: Ball
3-1: Foul Ball, location: 2F
3-2: Foul Ball, location: 2F
3-2: Strikes out looking
Batting: RHB Marty Jennings 0-0: Ball
1-0: Foul Ball, location: 2F
1-1: Foul Ball, location: 2F
1-2: Strikes out swinging
Pinch Hitting: RHB Ken Little 0-0: Swinging Strike
0-1: Ball
1-1: Called Strike
1-2: Strikes out swinging
Bottom of the 9th over - 0 run(s), 0 hit(s), 0 error(s), 0 left on base; Jersey City 5 - Ellenburg 5
TOP OF THE 10TH
Jersey City Sun Caps batting - Pitching for Ellenburg Fighting Dachsunds : RHP Jim Unknown
Now at 3B: Ken Little
Batting: RHB Alfredo Pizarro 0-0: Ball
1-0: Ball
2-0: Called Strike
2-1: Foul Ball, location: 2F
2-2: Ball
3-2: Strikes out swinging
Batting: LHB Wayne Akers 0-0: Called Strike
0-1: SINGLE (Groundball, 34D)
Batting: RHB Mike Greene 0-0: Swinging Strike
0-1: Swinging Strike
0-2: Ball
1-2: Strikes out swinging
Batting: SHB Gustavo Fuentes 0-0: Ball
1-0: Fly out, F2 (Popup, 23)
Top of the 10th over - 0 run(s), 1 hit(s), 0 error(s), 1 left on base; Jersey City 5 - Ellenburg 5
BOTTOM OF THE 10TH
Ellenburg Fighting Dachsunds batting - Pitching for Jersey City Sun Caps : RHP Godfrey Verbiest
Batting: RHB Bob Campbell 0-0: Called Strike
0-1: Foul Ball, location: 2F
0-2: Foul Ball, location: 2F
0-2: Ball
1-2: Ball
2-2: Foul Ball, location: 2F
2-2: Ball
3-2: Base on Balls
Pinch Hitting: RHB Dave Thompson 0-0: Ball
1-0: Foul Ball, location: 2F
1-1: Fly out, F9 (Flyball, 9LS)
Batting: RHB Pedro Pérez 0-0: Swinging Strike
0-1: Ball
1-1: Called Strike
1-2: Foul Ball, location: 2F
1-2: Ball
2-2: Foul Ball, location: 2F
2-2: Foul Ball, location: 2F
2-2: Foul Ball, location: 2F
2-2: Ball
3-2: Base on Balls
Bob Campbell to second
Pitching: RHP Oliver Huerta
Batting: RHB Ramiro Rico 0-0: Called Strike
0-1: Ball
1-1: Called Strike
1-2: Strikes out looking
Batting: LHB Ismael Cabrera 0-0: Ball
1-0: Called Strike
1-1: Ball
2-1: Called Strike
2-2: Fly out, F7 (Flyball, 78S)
Bottom of the 10th over - 0 run(s), 0 hit(s), 0 error(s), 2 left on base; Jersey City 5 - Ellenburg 5
TOP OF THE 11TH
Jersey City Sun Caps batting - Pitching for Ellenburg Fighting Dachsunds : RHP Jim Unknown
Now at 1B: Dave Thompson
Batting: RHB Mike Peterson 0-0: Ball
1-0: Ball
2-0: Foul Ball, location: 2F
2-1: Foul Ball, location: 2F
2-2: Ball
3-2: Foul Ball, location: 2F
3-2: Base on Balls
Batting: SHB Dominique Prost 0-0: Ball
Mike Peterson steals 2nd base
1-0: Foul Ball, location: 2F
1-1: Foul Ball, location: 2F
1-2: SINGLE (Line Drive, 89M)
Mike Peterson to third
Batting: LHB Gerald Kaufman 0-0: Called Strike
0-1: Ground out 4-3 (Groundball, 4)
Dominique Prost to second
Batting: RHB Brandon Reed 0-0: Intentional Walk
Pitching: RHP Bill Schneider
Batting: RHB Bryan Wilson 0-0: Ball
1-0: Foul Ball, location: 2F
1-1: Called Strike
1-2: Strikes out looking
Batting: RHB Alfredo Pizarro 0-0: Fly out, F2 (Popup, 25)
Top of the 11th over - 0 run(s), 1 hit(s), 0 error(s), 3 left on base; Jersey City 5 - Ellenburg 5
BOTTOM OF THE 11TH
Ellenburg Fighting Dachsunds batting - Pitching for Jersey City Sun Caps : RHP Oliver Huerta
Batting: LHB José Ortega 0-0: Called Strike
0-1: Ball
1-1: Ball
2-1: Ball
3-1: Base on Balls
Batting: RHB Francis Kelly 0-0: Called Strike
0-1: Fielders Choice at 2nd, 5-4 (Groundball, 56)
Batting: RHB Marty Jennings 0-0: Called Strike
0-1: Ball
Francis Kelly is caught stealing 2nd base
1-1: Ball
2-1: Ball
3-1: Base on Balls
Batting: RHB Ken Little 0-0: Called Strike
0-1: Ball
1-1: Ball
2-1: Foul Ball, location: 2F
2-2: Ball
3-2: Base on Balls
Marty Jennings to second
Batting: RHB Bob Campbell 0-0: Foul Ball, location: 2F
0-1: Ball
1-1: Fly out, F9 (Flyball, 89D)
Bottom of the 11th over - 0 run(s), 0 hit(s), 0 error(s), 2 left on base; Jersey City 5 - Ellenburg 5
TOP OF THE 12TH
Jersey City Sun Caps batting - Pitching for Ellenburg Fighting Dachsunds : RHP Bill Schneider
Batting: LHB Wayne Akers 0-0: Foul Ball, location: 2F
0-1: Foul Ball, location: 2F
0-2: Ball
1-2: Ball
2-2: Foul Ball, location: 2F
2-2: Ball
3-2: Strikes out looking
Batting: RHB Mike Greene 0-0: Called Strike
0-1: Ball
1-1: Swinging Strike
1-2: Foul Ball, location: 2F
1-2: Ball
2-2: Ground out 5-3 (Groundball, 56)
Batting: SHB Gustavo Fuentes 0-0: Called Strike
0-1: Swinging Strike
0-2: Ball
1-2: Strikes out swinging
Top of the 12th over - 0 run(s), 0 hit(s), 0 error(s), 0 left on base; Jersey City 5 - Ellenburg 5
BOTTOM OF THE 12TH
Ellenburg Fighting Dachsunds batting - Pitching for Jersey City Sun Caps : RHP Oliver Huerta
Batting: RHB Dave Thompson 0-0: Ball
1-0: Ball
2-0: Ball
3-0: Called Strike
3-1: Ground out 5-3 (Groundball, 56)
Pitching: RHP Brian Collingwood
Batting: RHB Pedro Pérez 0-0: Called Strike
0-1: SINGLE (Line Drive, 7S)
Batting: RHB Ramiro Rico 0-0: Ball
Pedro Pérez steals 2nd base
1-0: Called Strike
1-1: SINGLE (Line Drive, 6D)
Pedro Pérez to third
Runner from 3rd tries for Home, SAFE, no throw
Monday, March 20th, 2017 - OOTP Baseball 17.12 Build 75